 Dungeon Crawl Stone Soup version 0.31-a0-232-gb1c03b2570 (webtiles) character file.

Game seed: 15509962349272829067

28 qw the Shooter (level 3, 0/21 HPs)
             Began as a Gargoyle Hexslinger on July 7, 2023.
             Slain by an adder (1 damage)
             ... on level 2 of the Dungeon.
             The game lasted 00:00:20 (767 turns).

qw the Shooter (Gargoyle Hexslinger)                 Turns: 767, Time: 00:00:20

Health: 0/21       AC:  6    Str: 11    XL:     3   Next: 12%
Magic:  4/4        EV: 11    Int: 13    God:
Gold:   74         SH:  0    Dex: 14    Spells: 3/4 levels left

rFire   . . .        Y - +1 sling
rCold   + . .        (no shield)
rNeg    + . .        e - +0 leather armour
rPois   inf          (no helmet)
rElec   +            (no cloak)
rCorr   .            (no gloves)
SInv    .            (no boots)
Will    .....        (no amulet)
Stlth   +            l - ring of protection from cold
HPRegen 0.23/turn    (no ring)
MPRegen 0.09/turn

%: no passive effects
@: no status effects
A: sickness immunity, AC +3, negative energy resistance 1, electricity
resistance, torment resistance 1, petrification resistance
a: no special abilities


You were on level 2 of the Dungeon.
You visited 1 branch of the dungeon, and saw 2 of its levels.

You collected 74 gold pieces.


Innate Abilities, Weirdness & Mutations

You are immune to sickness and miasma.
Your stone body is resilient. (AC +3)
You are immune to poison.
You resist negative energy. (rN+)
You are resistant to electric shocks. (rElec)
You are resistant to unholy torment.
You are immune to petrification.


   Skills:
 - Level 2.0 Fighting
 + Level 3.1 Ranged Weapons
 - Level 1.5 Dodging
 - Level 1.0 Spellcasting
 - Level 2.6 Hexes


You had 3 spell levels left.
You knew the following spells:

 Your Spells              Type           Power      Damage    Failure   Level
a - Slow                  Hex            28%        N/A       12%         1

Your spell library contained the following spells:

 Spells                   Type           Power      Damage    Failure   Level
 Inner Flame              Hex/Fire       4%         N/A       54%         3
 Portal Projectile        Hex/Tloc       8%         N/A       54%         3
 Cause Fear               Hex            3%         N/A       77%         4

Inventory:

Hand Weapons
 Y - a +1 sling (weapon)
Armour
 e - a +0 leather armour (worn)
Jewellery
 l - a ring of protection from cold (left hand)
Scrolls
 a - a scroll of teleportation {unknown}
Potions
 j - a potion of heal wounds {unknown}
 k - a potion of resistance {unknown}

Dungeon Overview and Level Annotations

Branches:
Dungeon (2/15)

Altars:

Shops:
D:2 (


Message History

The sling bullet barely misses the hobgoblin.
The adder barely misses you. The giant cockroach closely misses you.
The hobgoblin hits you. The adder barely misses you.
The giant cockroach waves its antennae.
The giant cockroach bites you.
You shoot a sling bullet. The sling bullet hits the hobgoblin.
You kill the hobgoblin!
The kobold hits you but does no damage. The adder bites you but does no damage.
The giant cockroach waves its antennae.
The giant cockroach bites you but does no damage.
You shoot a sling bullet.
The sling bullet closely misses the adder.
The adder closely misses you. The giant cockroach closely misses you.
The kobold closely misses you. The adder bites you but does no damage.
The giant cockroach bites you but does no damage.
The kobold barely misses you.
You shoot a sling bullet.
The sling bullet hits the adder but does no damage.
The adder bites you but does no damage. The giant cockroach bites you.
The kobold hits you but does no damage. The adder barely misses you.
You shoot a sling bullet. The sling bullet hits the adder.
The adder is lightly wounded.
The giant cockroach bites you but does no damage.
The adder bites you but does no damage. The kobold hits you but does no damage.
The giant cockroach closely misses you. The adder misses you.
You shoot a sling bullet. The sling bullet misses the adder.
The kobold hits you with a +0 dagger.
The giant cockroach bites you but does no damage.
The adder bites you.
You shoot a sling bullet.
The sling bullet closely misses the adder.
The giant cockroach closely misses you. The kobold hits you but does no damage.
The adder misses you. The giant cockroach closely misses you.
The adder closely misses you. The kobold closely misses you.
The worm bites you!
You shoot a sling bullet.
The sling bullet barely misses the adder.
The giant cockroach closely misses you. The adder bites you but does no damage.
The kobold hits you but does no damage. The giant cockroach barely misses you.
The worm barely misses you. The adder bites you.
You die...

##### . [.#.. ..
..... #. ####.#$#
##.. '.##.#.# .....
#.##.#.#
#.....#K.#%#.# #
#.....w@..)..###.###
..¤...SB............
.~.~......##..##.###
~...¤.....###....##
$.\..~.####.#.##..##
~.¤.~.### #..........
.~¤¤¤.....#.#.##.#.##
..¤¤.. #...<..# # #
+......#


You could see a worm, an adder, a giant cockroach and a kobold.

Vanquished Creatures
  A dart slug (D:1)
  3 ball pythons (D:1)
  A bat (D:1)
  An endoplasm (D:1)
  2 giant cockroaches (D:1)
  3 hobgoblins
  2 frilled lizards (D:1)
  2 goblins
  4 kobolds (D:1)
  6 rats
25 creatures vanquished.

Notes
Turn   | Place    | Note
-------+----------+-------------------------------------------
     0 | D:1      | qw the Gargoyle Hexslinger began the quest for the Orb.
     0 | D:1      | Reached XP level 1. HP: 12/12 MP: 2/2
     0 | D:1      | 0 ||| qw: Version: 0.3-a-46-gb1f654a
     0 | D:1      | 0 ||| qw: Game counter: 2602
     0 | D:1      | 0 ||| qw: Melee chars always use a shield: true
     0 | D:1      | 0 ||| qw: God list: Okawaru
     0 | D:1      | 0 ||| qw: Allow faded altars: false
     0 | D:1      | 0 ||| qw: Do Orc after clearing Dungeon:15 true
     0 | D:1      | 0 ||| qw: Do second Lair branch before Depths: true
     0 | D:1      | 0 ||| qw: Lair rune preference: random
     0 | D:1      | 0 ||| qw: Goals: Normal
     0 | D:1      | 0 ||| PLANNING D:1-11
   136 | D:1      | Reached XP level 2. HP: 16/16 MP: 3/3
   139 | D:1      | Found a faded altar of an unknown god.
   389 | D:1      | Reached skill level 3 in Ranged Weapons
   594 | D:1      | Reached XP level 3. HP: 18/21 MP: 4/4
   706 | D:1      | 706 ||| UPGRADING to +0 leather armour.
   716 | D:1      | 716 ||| DROPPING +0 robe.
   717 | D:1      | 717 ||| UPGRADING to ring of protection from cold.
   718 | D:1      | 718 ||| READING scroll labelled XOGAOTTUXINK.
   719 | D:1      | 719 ||| READING scroll labelled JEGEQUCSIF.
   720 | D:1      | 720 ||| READING scroll labelled NEHADU CEZUO.
   721 | D:1      | 721 ||| READING scroll labelled WUMMO IGHELL.
   722 | D:1      | 722 ||| READING scroll labelled DIOCSULEMI.
   723 | D:1      | 723 ||| DROPPING scroll of poison.
   749 | D:2      | Found Roymae's Antique Weapon Shoppe.
   766 | D:2      | HP: 1/21 [worm (8)]
   767 | D:2      | Slain by an adder

Levels and vault maps discovered:
D:1:      minmay_arrival_plants_in_alcoves, layout_basic,
          ebering_ecumenical_altar_box, minmay_unequal
D:2:      layout_basic, serial_shops, nicolae_diamond_shop,
          grunt_decor_resistance, kennysheep_generic_room_6, uniq_jessica

Skill      XL: |  1  2 |
---------------+-------+-----
Ranged Weapons | 3 |  3.1
Fighting       | 2 |  2.0
Dodging        | |  1.5
Spellcasting   | |  1.0
Hexes          | |  2.6

Action                     || total
---------------------------++-------
   Fire: Sling             ||    77
    Use: Scroll            ||     5
 Armour: Robe              ||     3
         Leather armour    ||    17
  Dodge: Dodged            ||    45

Table legend:
 A = Non-vault XP
 B = Vault XP
 C = Vault XP percentage of total XP
 D = Non-vault monster count
 E = Vault monster count
 F = Vault count percentage of total count
                 A         B        C        D         E       F
            +---------+---------+-------+---------+---------+-------
      Total |      32 |       8 |  20.0 |      20 |       5 |  20.0
            +---------+---------+-------+---------+---------+-------
        D:1 |      27 |       8 |  22.9 |      17 |       5 |  22.7
        D:2 |       5 |       0 |   0.0 |       3 |       0 |   0.0
            +---------+---------+-------+---------+---------+-------
